[Event "Early-Titled-Tuesday-Blitz-February-13-2024"]
[Site "Chess.com"]
[Date "2024.02.13"]
[Round "4"]
[White "Yeritsyaan"]
[Black "Alexander_Donchenko"]
[Result "0-1"]
[WhiteElo "2609"]
[BlackElo "2926"]
[TimeControl "180+1"]
[EndTime "8:43:17 PST"]
[Termination "Alexander_Donchenko won by resignation"]

1. d4 Nf6 2. Nc3 d5 3. Bf4 a6 4.
e3 Bf5 5. Nf3 e6 6. Ne5 Bb4 7. g4 Bg6 8. f3 Nfd7 9. h4 Nxe5 10.
Bxe5 h5 11. g5 O-O 12. Bd3 Bxd3 13. Qxd3 Nd7 14. Bg3 g6 15. O-O c5 16. Rad1 cxd4 17.
exd4 Rc8 18. Ne2 Nb6 19. Nf4 Kg7 20. c3 Bd6 21. Ne2 Nc4 22. Rb1 b5 23. Bxd6 Nxd6 24. Ng3 a5 25. Qe3 b4 26. cxb4 axb4 27. Rbc1 Qb6 28.
Qe5+ Kg8 29. Kh2 Rc4 30. Rxc4 Nxc4 31. Qf6 Qd8 32. Qxd8 Rxd8 33. b3 Nd6 34. Rc1 Ra8 35. Rc2 Nb5 36. Ne2 Kf8 37. Kg3 Ke7 38. Kf4 Kd6 39. Ke3 Ra7 40. Kd3 Ra8 41. Kd2 Rf8 42. Kd3 f6 43. f4 fxg5 44. hxg5 h4 45. Ke3 Rh8 46. Rc1 h3 47. Rh1 h2 48. Kf2 Ra8 49.
Rxh2 Rxa2 50. Ke3 Rb2 51. Rh6 Rxb3+ 52. Kd2 Rb2+ 53. Kd3 b3 54. Rxg6 Rxe2 55. f5 b2 56. Kxe2 Nxd4+ 57. Kd2 b1=Q 58. fxe6 0-1

[Event "Early-Titled-Tuesday-Blitz-February-13-2024"]
[Site "Chess.com"]
[Date "2024.02.13"]
[Round "4"]
[White "Fumitoks"]
[Black "mertfelin"]
[Result "0-1"]
[WhiteElo "2638"]
[BlackElo "2325"]
[TimeControl "180+1"]
[EndTime "8:43:17 PST"]
[Termination "mertfelin won by resignation"]

1. e4 e5 2. Nf3 Nc6 3. c3 d5 4. Qa4 f6 5. d3 Ne7 6. b4 Bd7 7. Qc2 a6 8. Be2 dxe4 9. dxe4 Ng6 10. h4 Bd6 11. h5 Nf4 12. Bxf4 exf4 13. Nbd2 Qe7 14.
Nc4 Be5 15. Rd1 O-O-O 16. a4 Be6 17. O-O g5 18. b5 axb5 19. axb5 Nb8 20. Nfxe5 fxe5 21. Nxe5 Qc5 22. Ng4 Bc4 23. Bxc4 Qxc4 24. e5 Qe6 25. f3 Nd7 26. Ra1 Nb6 27. Qa2 Rhe8 28. Nf6 Qxa2 29. Rxa2 Rxe5 30. Rfa1 Kb8 31. Nxh7 Rf5 32.
Re2 Rh8 33. Rae1 Rxh7 34. Re5 Rxe5 35. Rxe5 Rxh5 36. Kf2 Nc4 37. Rf5 Nd6 38. Re5 Ka7 39.
g4 fxg3+ 40. Kxg3 Kb6 41. Kg4 Rh1 42. Rxg5 Rg1+ 43. Kf4 Rxg5 44. Kxg5 Kxb5 45. f4 Kc4 46. f5 Nxf5 47. Kxf5 Kxc3 0-1

[Event "Early-Titled-Tuesday-Blitz-February-13-2024"]
[Site "Chess.com"]
[Date "2024.02.13"]
[Round "4"]
[White "MariamiJaniashvili"]
[Black "kekic76"]
[Result "1/2-1/2"]
[WhiteElo "2179"]
[BlackElo "2355"]
[TimeControl "180+1"]
[EndTime "8:43:17 PST"]
[Termination "Game drawn by repetition"]

1. e4 c6 2. d4 d5 3. Nc3 dxe4 4. Nxe4 Bf5 5. Ng3 Bg6 6. h4 h6 7. h5 Bh7 8. Bd3 Bxd3 9. Qxd3 Nf6 10. Nf3 Nbd7 11.
Bd2 Qc7 12. O-O-O O-O-O 13. Rhe1 e6 14. Kb1 Bd6 15. Ne4 Nxe4 16. Qxe4 Nf6 17. Qh4 c5 18. dxc5 Bxc5 19. Bc3 Be7 20. Qa4 a6 21. Ne5 Bd6 22.
Ba5 b6 23. Nxf7 bxa5 24. Nxh8 Rxh8 25. Rxe6 Rd8 26. a3 Nxh5 27. Rd3 Nf4 28. Rexd6 Rxd6 29. Qxf4 Rf6 30. Qxc7+ Kxc7 31. f3 Rg6 32. Rd2 Rf6 33. c3 g6 34. Kc2 g5 35. Rd5 Kb6 36. Kd3 a4 37. Ke3 Re6+ 38. Kf2 Rg6 39. Rd4 Kb5 40. g4 Rf6 41. Rd5+ Kb6 42. Re5 Rd6 43. Kg3 Rf6 44.
Rf5 Rg6 45. f4 gxf4+ 46. Kxf4 Rd6 47. Rh5 Rf6+ 48. Kg3 Rg6 49. Kf4 Rf6+ 50. Ke5 Rg6 51. Kf4 Rf6+ 1/2-1/2

[Event "Early-Titled-Tuesday-Blitz-February-13-2024"]
[Site "Chess.com"]
[Date "2024.02.13"]
[Round "4"]
[White "sewlins"]
[Black "Viktor_Poddubnyi"]
[Result "1-0"]
[WhiteElo "2117"]
[BlackElo "2274"]
[TimeControl "180+1"]
[EndTime "8:43:17 PST"]
[Termination "sewlins won on time"]

1. Nf3 g6 2. e4 Bg7 3. d4 d6 4. Nc3 c6 5. a4 Nf6 6. Bc4 d5 7. exd5 cxd5 8. Bb5+ Bd7 9. O-O O-O 10. Ne5 a6 11. Be2 Nc6 12. Bf3 e6 13. Bf4 Rc8 14. a5 Nxa5 15. h4 h5 16. Bg5 Nc4 17. Ne2 Qc7 18.
Nd3 Ne4 19. Bf4 Qb6 20. b3 Ncd6 21. g4 hxg4 22. Bxg4 Nf5 23. Bxf5 exf5 24. Kg2 Qc6 25. Rc1 Nc3 26. Nxc3 Qxc3 27. Ne5 Bb5 28. Rh1 Rce8 29. h5 Re6 30. hxg6 fxg6 31. Rh3 Qc8 32. Qh1 Be2 33. Rg3 Bh5 34. Rg5 Qd8 35. Qh4 Qf6 36. Qg3 Rfe8 37. Rh1 Kf8 38. c4 dxc4 39. bxc4 1-0

[Event "Early-Titled-Tuesday-Blitz-February-13-2024"]
[Site "Chess.com"]
[Date "2024.02.13"]
[Round "4"]
[White "blank0923"]
[Black "Radzio1987"]
[Result "0-1"]
[WhiteElo "2605"]
[BlackElo "2902"]
[TimeControl "180+1"]
[EndTime "8:43:18 PST"]
[Termination "Radzio1987 won by resignation"]

1. Nf3 c5 2. e4 e6 3. g3 Nc6 4. Bg2 Nf6 5. d3 d5 6. Nbd2 Bd6 7. O-O O-O 8. Re1 Bc7 9. Qe2 b5 10.
e5 Nd7 11. Nb3 Ndxe5 12. Nxe5 Nxe5 13. Nxc5 Nc6 14. c3 Bd6 15. d4 b4 16. h4 bxc3 17.
bxc3 Qa5 18. Nb3 Qa6 19. Qd1 Na5 20. Rb1 Nc4 21. Qe2 Nb6 22. Qc2 Bd7 23. h5 Rfc8 24. h6 g6 25. Bf1 Qa4 26. Bg5 Bf8 27. Qe2 Rxc3 28. Nc5 Qxd4 29. Nb7 Rac8 30. Na5 Rc2 31. Qf3 Rxa2 32. Re3 Rxa5 33. Rd1 Qh8 34. Bf6 Bxh6 35. Bxh8 Kxh8 36. Red3 Kg8 37. Qf6 Bg7 38. Qe7 Bf8 39.
Qf6 Rac5 40. R3d2 Be8 41. Qa1 R8c7 42. Qa6 Bg7 43. Bg2 Na4 44. Ra2 Nc3 45. Raa1 Nxd1 46. Rxd1 Bb5 47. Qa5 Be2 48. Qd2 Bxd1 49. Kh2 Bb3 0-1

[Event "Early-Titled-Tuesday-Blitz-February-13-2024"]
[Site "Chess.com"]
[Date "2024.02.13"]
[Round "4"]
[White "OhanyanEminChess"]
[Black "KamlaPasand"]
[Result "1-0"]
[WhiteElo "2807"]
[BlackElo "2579"]
[TimeControl "180+1"]
[EndTime "8:43:18 PST"]
[Termination "OhanyanEminChess won by resignation"]

1. e4 e5 2. Nc3 Nc6 3. Bc4 d6 4. d3 Be6 5. Bb3 Nge7 6. f4 exf4 7. Bxf4 d5 8. Nf3 dxe4 9. dxe4 Ng6 10. Qxd8+ Kxd8 11. O-O-O+ Ke8 12. Bxc7 Bc5 13. Nd5 Rc8 14. Bg3 Na5 15. Ba4+ Kf8 16. b4 Bxd5 17. exd5 Bxb4 18. d6 Ba3+ 19. Kb1 b5 20. d7 Rd8 21. Bc7 Ke7 22.
Rhe1+ Kf6 23. Bxd8+ Rxd8 24. Re8 Be7 25. Bxb5 Nb7 26.
Nd4 Ne5 27. Nc6 Nxc6 28. Bxc6 Na5 29. Rxd8 Bxd8 30. Bd5 Ke5 31. Bxf7 Nc6 32. c3 Ne7 33. Kc2 Nf5 34. Kb3 Ne3 35. Re1 Kf4 36. g3+ Kf3 37.
Bh5+ Kf2 38. Re2+ Kf1 39. Rxe3 g6 40. Bd1 Bc7 41. Re8 Kf2 42. Rc8 Bb6 43. c4 Bd8 44. Rxd8 Ke1 45. Bc2 Kf2 46. Kc3 Kg2 47. h4 Kh3 48.
Re8 g5 49. hxg5 h6 50. gxh6 a6 51. Re3 a5 52. Bf5+ Kh2 53. g4 Kg1 54. Re2 Kf1 55. Bd3 Kg1 56. Kb2 a4 57. Ka3 Kf1 58. Kxa4 Kg1 59. Kb4 1-0

[Event "Early-Titled-Tuesday-Blitz-February-13-2024"]
[Site "Chess.com"]
[Date "2024.02.13"]
[Round "4"]
[White "Chesstiger64"]
[Black "ukchessbomber"]
[Result "1-0"]
[WhiteElo "2325"]
[BlackElo "2591"]
[TimeControl "180+1"]
[EndTime "8:43:18 PST"]
[Termination "Chesstiger64 won by resignation"]

1. d4 a6 2. e4 b6 3. Bd3 Bb7 4. Nf3 c5 5. c3 d6 6. Qe2 Nd7 7. O-O e6 8. e5 h6 9. Nbd2 cxd4 10. cxd4 dxe5 11. dxe5 Nc5 12. Bc2 g5 13. b4 g4 14.
bxc5 gxf3 15. Nxf3 Bxc5 16. Rd1 Qc7 17. Be3 Bxe3 18.
fxe3 Ne7 19. Rac1 b5 20. Be4 Qxc1 21. Rxc1 Bxe4 22. Rc7 Rg8 23. g3 Rc8 24. Rxc8+ Nxc8 25. Nd2 Bd5 26. a4 Na7 27. axb5 Nxb5 28. Nc4 Ke7 29.
Nd6 Rb8 30. Qb2 Kd7 31. Qb4 Rb6 32. Qc5 Rc6 33. Qb4 Nxd6 34. exd6 Rxd6 35. e4 Bc6 36. e5 Rd5 37. Qf8 Rxe5 38. Qxf7+ Kd6 39. Qf4 a5 40.
Qxh6 Rc5 41. Qf8+ Kd5 42. h4 a4 43. h5 Kd4 44. Qf2+ Kd5 45. h6 Rc1+ 46. Kh2 Kc4 47. Qf4+ Kb3 48. Qxc1 Be4 49. Qe3+ 1-0

[Event "Early-Titled-Tuesday-Blitz-February-13-2024"]
[Site "Chess.com"]
[Date "2024.02.13"]
[Round "4"]
[White "Blitzking642"]
[Black "atomicmate123"]
[Result "1-0"]
[WhiteElo "2528"]
[BlackElo "2311"]
[TimeControl "180+1"]
[EndTime "8:43:18 PST"]
[Termination "Blitzking642 won on time"]

1. d4 d5 2. c4 e6 3. Nc3 Nf6 4. Nf3 Bb4 5. Qa4+ Nc6 6. cxd5 Nxd5 7. Qb3 Bd7 8. e4 Nf6 9. Bd3 O-O 10. O-O g6 11. Bg5 Be7 12. e5 Ne8 13. Bxe7 Qxe7 14. Rfe1 Ng7 15. d5 exd5 16. Nxd5 Qd8 17. Nf6+ Kh8 18.
Rad1 Be6 19. Qc3 Qe7 20. Qc1 Nxe5 21. Nxe5 Qxf6 22. Qxc7 Rac8 23. Qxb7 Rc5 24. Nf3 Bd5 25.
Qb4 Rfc8 26. Nd4 a5 27. Qa4 Bxa2 28. Qxa2 Qxd4 29. Bxg6 Qf6 30. Bd3 Rg5 31. Bf1 Nh5 32. Qb3 Nf4 33. g3 Qg6 34. Qf3 Ne6 35. Bg2 Rb8 36.
b3 Rb4 37. Qe3 Kg7 38. h4 Rxh4 39. Qc3+ Kg8 40. Rd7 Rhg4 41. Qc8+ Kg7 42. Qc3+ Kg8 43. Ra7 Nf8 44. Ra8 1-0

[Event "Early-Titled-Tuesday-Blitz-February-13-2024"]
[Site "Chess.com"]
[Date "2024.02.13"]
[Round "4"]
[White "Kotofeyca"]
[Black "OscarAng"]
[Result "0-1"]
[WhiteElo "2415"]
[BlackElo "2293"]
[TimeControl "180+1"]
[EndTime "8:43:18 PST"]
[Termination "OscarAng won on time"]

1. d4 d5 2. c4 e6 3. cxd5 exd5 4.
Nc3 c6 5. Nf3 h6 6. Bf4 Bd6 7. Bg3 Ne7 8. e3 Nf5 9. Bd3 Nxg3 10. hxg3 Bg4 11. Qc2 Nd7 12. O-O Qf6 13. Nh4 O-O 14. Nf5 Rae8 15. Nxd6 Qxd6 16. b4 a6 17. a4 Re7 18. b5 c5 19. bxa6 c4 20.
Bh7+ Kh8 21. axb7 Nf6 22. Rfb1 Nxh7 23. a5 g6 24. Rb6 Qb8 25. a6 Qa7 26. Nxd5 Rd7 27.
Rb5 Kg7 28. Qxc4 Be6 29. Qc6 Rxd5 30. Rxd5 Bxd5 31. Qxd5 Rb8 32. Ra2 Nf6 33. Qc5 Rxb7 34. axb7 Qxb7 35. Rc2 Qb1+ 36. Rc1 Qb2 37. Rf1 Ne4 38.
Qe5+ Nf6 39. Re1 h5 40. Rf1 Qb6 41. Rc1 Kh6 42. Rc5 Ng4 0-1

[Event "Early-Titled-Tuesday-Blitz-February-13-2024"]
[Site "Chess.com"]
[Date "2024.02.13"]
[Round "4"]
[White "kingofthenil"]
[Black "tusplingher"]
[Result "1-0"]
[WhiteElo "2688"]
[BlackElo "2459"]
[TimeControl "180+1"]
[EndTime "8:43:19 PST"]
[Termination "kingofthenil won by checkmate"]

1. d4 Nf6 2. Nf3 d5 3. g3 b5 4.
Bg2 e6 5. O-O Be7 6. a4 b4 7. c4 bxc3 8. Nxc3 O-O 9. Ne5 c5 10. e4 Bb7 11. exd5 Nxd5 12. Qb3 Qb6 13. Qxb6 axb6 14. dxc5 Nxc3 15. Bxb7 Ne2+ 16. Kg2 Ra7 17. c6 Bf6 18. Nc4 b5 19. Nd6 Nxc1 20. Raxc1 Bxb2 21.
Rc2 Nxc6 22. Bxc6 Be5 23. Nxb5 Rxa4 24. Re1 Bf6 25. Nd6 Ra6 26. Ne4 Be7 27. Rd1 f5 28. Rd7 Bb4 29. Ng5 Rf6 30. Bb7 Rd6 31. Rc8+ Rf8 32.
Rcc7 Rxd7 33. Rxd7 h6 34. Nxe6 Rf7 35. Rd8+ Kh7 36. Bd5 Rf6 37. h4 Kg6 38. Nf4+ Kh7 39. Bg8+ Kh8 40. Bf7+ Kh7 41. Bg8+ Kh8 42. Be6+ Kh7 43.
h5 Be7 44. Re8 Bd6 45. Bg8+ Kh8 46. Bf7+ Kh7 47. Bg6+ Rxg6 48. hxg6# 1-0

[Event "Early-Titled-Tuesday-Blitz-February-13-2024"]
[Site "Chess.com"]
[Date "2024.02.13"]
[Round "4"]
[White "DarkAlekhine"]
[Black "valorant64"]
[Result "1/2-1/2"]
[WhiteElo "2813"]
[BlackElo "2616"]
[TimeControl "180+1"]
[EndTime "8:43:20 PST"]
[Termination "Game drawn by agreement"]

1. e4 e6 2. d4 d5 3. Nd2 c5 4. exd5 exd5 5. Ngf3 Nc6 6. dxc5 Bxc5 7. Nb3 Bb6 8. Be2 Nf6 9. O-O O-O 10. c3 Ne4 11. Nfd4 Re8 12. Be3 Ne5 13. h3 Nc4 14.
Bxc4 dxc4 15. Nd2 Nxd2 16. Qxd2 Be6 17. Rad1 Bxd4 18. Bxd4 Qh4 19. Rfe1 Rad8 20. Qe3 a6 21. Qe5 Qh6 22. Re3 Qg6 23. Rg3 f6 24. Qf4 Qf7 25. Re1 Kh8 26. h4 Bd5 27. Rge3 h6 28. f3 Rxe3 29. Qxe3 Bc6 30. Qf4 Re8 31. Rxe8+ Qxe8 32. Kf2 b5 33. Qf5 Bd7 34. Qd5 Qc8 35. Qd6 Qc6 36.
Qf8+ Kh7 37. Qe7 Qe6 38. Qxe6 Bxe6 39. Ke3 Kg6 40. g4 h5 41. Kf4 Kh6 42. Bc5 Kg6 43. Bf8 hxg4 44. fxg4 Kf7 45. Bb4 Ke8 46. h5 Kf7 47.
Bc5 Bd7 48. Bd4 Bc6 49. Be3 Bd7 50. a3 Bc8 51. Bd4 Bb7 52. g5 fxg5+ 53. Kxg5 Bf3 54. Be5 Bd1 55. Bd4 Kg8 56. h6 gxh6+ 57. Kxh6 Kf7 58. Kg5 Ke6 59. Kf4 Kd5 60. Ke3 Bb3 1/2-1/2

[Event "Early-Titled-Tuesday-Blitz-February-13-2024"]
[Site "Chess.com"]
[Date "2024.02.13"]
[Round "4"]
[White "Nouali_Mohamed"]
[Black "Korchmar_Vasiliy"]
[Result "1/2-1/2"]
[WhiteElo "2548"]
[BlackElo "2728"]
[TimeControl "180+1"]
[EndTime "8:43:20 PST"]
[Termination "Game drawn by repetition"]

1. e4 c5 2. Nf3 d6 3. d4 cxd4 4. Nxd4 Nf6 5. Nc3 Nc6 6. Bc4 Qb6 7. Ndb5 a6 8. Be3 Qd8 9. Nd4 e6 10. Bb3 Na5 11. f4 Be7 12. Qf3 b5 13. O-O-O Bb7 14.
Bxe6 fxe6 15. Nxe6 Qc8 16. Nxg7+ Kf7 17. Nh5 Nc4 18.
Bd4 Qg4 19. Nxf6 Qxf3 20. gxf3 Bxf6 21. Bxf6 Kxf6 22. b3 b4 23. Na4 Na3 24. Rxd6+ Ke7 25. Rb6 Ra7 26. Rg1 Kf7 27. Rxb4 Rc8 28. c4 Bc6 29. Kb2 a5 30. Rb6 Nxc4+ 31. bxc4 Bxa4 32. Rh6 Kf8 33. Rf6+ Ke7 34. e5 Rb7+ 35. Ka3 Rb4 36.
Rg7+ Kd8 37. Rf8+ Be8 38. Rgg8 Ra4+ 39. Kb3 Rb4+ 40. Ka3 Ra4+ 41. Kb3 Rb4+ 42. Ka3 1/2-1/2

[Event "Early-Titled-Tuesday-Blitz-February-13-2024"]
[Site "Chess.com"]
[Date "2024.02.13"]
[Round "4"]
[White "kibromNNN"]
[Black "GasconJR"]
[Result "0-1"]
[WhiteElo "1788"]
[BlackElo "2566"]
[TimeControl "180+1"]
[EndTime "8:43:20 PST"]
[Termination "GasconJR won on time"]

1. d4 Nf6 2. c4 e6 3. Nc3 Bb4 4. Qc2 c5 5. dxc5 O-O 6. Nf3 Na6 7. g3 Nxc5 8. Bg2 Nce4 9. O-O Bxc3 10. bxc3 d5 11.
cxd5 exd5 12. Nd4 Bd7 13. Ba3 Re8 14. c4 Rc8 15. c5 Qa5 16. c6 Bxc6 17. Bb2 Bd7 18. Qd1 Ba4 19. Nb3 Qb6 20. Bh3 Nc3 21. Qe1 Nxe2+ 22. Kh1 Nxg3+ 23. hxg3 Rxe1 24. Raxe1 Rd8 25. Bd4 Qb4 26. Bc5 Qc4 27. Rc1 Qe4+ 28. Bg2 Qg6 29. Nd4 Bc6 30. Rfe1 Qh5+ 31. Kg1 Ng4 32. Re2 Qh2+ 33.
Kf1 Qh5 34. Rce1 h6 35. Nf3 d4 36. Nh4 Bxg2+ 37. Kxg2 Qxc5 38. Re8+ Rxe8 39. Rxe8+ Kh7 0-1

[Event "Early-Titled-Tuesday-Blitz-February-13-2024"]
[Site "Chess.com"]
[Date "2024.02.13"]
[Round "4"]
[White "barbara25"]
[Black "abeljusto"]
[Result "1-0"]
[WhiteElo "2286"]
[BlackElo "2074"]
[TimeControl "180+1"]
[EndTime "8:43:20 PST"]
[Termination "barbara25 won on time"]

1. e4 e5 2. Nf3 Nc6 3. d4 exd4 4. Nxd4 Bc5 5. Nb3 Bb6 6. Nc3 Nf6 7. Bg5 h6 8. Bh4 d6 9. Qe2 Be6 10. f3 g5 11. Bf2 Qe7 12. O-O-O O-O-O 13. Bxb6 axb6 14. Qb5 Kb8 15. Qa4 Na7 16. Nd4 Bd7 17. Bb5 Qe5 18.
Bxd7 Nxd7 19. Ndb5 Nc8 20. Rd4 Nc5 21. Qa3 c6 22.
Rhd1 cxb5 23. Nxb5 Rhe8 24. Kb1 f5 25. exf5 Qxf5 26.
b4 Na6 27. Nc3 Re6 28. b5 Nc5 29. Kb2 Qf7 30. Qb4 Qe8 31. a4 Na7 32. a5 bxa5 33. Qxa5 Nc8 34. Ra1 Qd7 35. b6 Na6 36.
Nd5 Re5 37. g3 Qc6 38. f4 gxf4 39. gxf4 Rh5 40. c4 Ne7 41. Rad1 Nxd5 42. Rxd5 Rxd5 43. cxd5 Qc5 44. Ra1 Qxa5 45. Rxa5 Rc8 46. Ra1 Rc4 47. Re1 1-0

[Event "Early-Titled-Tuesday-Blitz-February-13-2024"]
[Site "Chess.com"]
[Date "2024.02.13"]
[Round "4"]
[White "Elsa167"]
[Black "Orest_Vovk"]
[Result "0-1"]
[WhiteElo "2910"]
[BlackElo "2679"]
[TimeControl "180+1"]
[EndTime "8:43:21 PST"]
[Termination "Orest_Vovk won on time"]

1. e4 g5 2. f4 g4 3. d4 Bg7 4.
Qxg4 Bxd4 5. e5 Kf8 6. Nf3 d6 7. e6 Bg7 8. f5 Nf6 9. Qh3 c6 10. g4 fxe6 11. g5 Qa5+ 12. Nc3 Qxf5 13. gxf6 Bxf6 14. Qg3 Rg8 15. Bh6+ Kf7 16. Qf2 Nd7 17.
Bd3 Qh5 18. Be3 Bxc3+ 19. bxc3 Nf6 20. O-O-O e5 21. Rdf1 Be6 22. Rhg1 Rxg1 23. Rxg1 Rg8 24. Ng5+ Rxg5 25. Rxg5 Qh3 26. Qg3 Qxg3 27. Rxg3 e4 28.
Be2 d5 29. Bxa7 Bf5 30. Bd4 Nd7 31. Bg4 Bxg4 32. Rxg4 e5 33. Rg7+ Kxg7 34. Bf2 Kf6 35. c4 d4 36. a4 e3 37. Bh4+ Ke6 38. Kd1 e4 39. Bd8 Kd6 40. c3 c5 41. Ke2 Ne5 42.
cxd4 cxd4 43. Bf6 Nc6 44. a5 Kc5 0-1

[Event "Early-Titled-Tuesday-Blitz-February-13-2024"]
[Site "Chess.com"]
[Date "2024.02.13"]
[Round "4"]
[White "Leonid_Starozhilov"]
[Black "FairChess_on_YouTube"]
[Result "0-1"]
[WhiteElo "2740"]
[BlackElo "3077"]
[TimeControl "180+1"]
[EndTime "8:43:21 PST"]
[Termination "FairChess_on_YouTube won on time"]

1. e4 c5 2. Nf3 e6 3. c4 Nc6 4. Nc3 e5 5. Bd3 d6 6. Bc2 g6 7. d3 Bg7 8. Nd5 Nge7 9. Bg5 h6 10. Bxe7 Nxe7 11. Ba4+ Kf8 12. O-O h5 13. a3 Nxd5 14.
cxd5 Bg4 15. h3 Qf6 16. b4 Rc8 17. Rc1 Bh6 18. Rc3 Bxf3 19. Qxf3 Qxf3 20. gxf3 Ke7 21.
bxc5 Rxc5 22. Rxc5 dxc5 23. Rb1 b6 24. Bb5 Kd6 25.
a4 Bd2 26. Kf1 Bc3 27. Ke2 Ra8 28. Ba6 Rb8 29. Bb5 Bd4 30. Rg1 Ra8 31. Ba6 Rd8 32.
Bb5 Kc7 33. Bc4 Rd6 34. Ba6 Rf6 35. Rg3 Rf4 36. Rg1 Rh4 37. Rg3 Kd6 38. Bc4 Bb2 39. Bb5 Bc1 40. Kf1 Bf4 41. Kg1 Bh6 42. Kg2 Bg7 43. Bc4 Bf6 44. Kg1 Rf4 45. Kg2 Bh4 46.
Bb5 Rf6 47. Bc4 Ke7 48. Bb5 Kd6 49. Bc4 Kc7 50. Bb5 Kb7 51. Bc4 a6 0-1

[Event "Early-Titled-Tuesday-Blitz-February-13-2024"]
[Site "Chess.com"]
[Date "2024.02.13"]
[Round "4"]
[White "ChessRespected"]
[Black "Matibar"]
[Result "1/2-1/2"]
[WhiteElo "2561"]
[BlackElo "2768"]
[TimeControl "180+1"]
[EndTime "8:43:21 PST"]
[Termination "Game drawn by repetition"]

1. d4 Nf6 2. Nf3 g6 3. g3 Bg7 4.
Bg2 O-O 5. c4 d6 6. Nc3 c6 7.
O-O Bf5 8. Re1 Ne4 9. Bd2 Qc8 10.
Nh4 Nxc3 11. Bxc3 Bh3 12. e4 Bxg2 13. Nxg2 e5 14. d5 Nd7 15. dxc6 Qxc6 16. Ne3 Nc5 17. f3 Kh8 18. Qd5 Qc7 19. Rad1 Rad8 20. Bb4 f5 21. exf5 gxf5 22. Bxc5 dxc5 23. Qe6 e4 24. Rxd8 Qxd8 25. Nxf5 exf3 26. Rf1 Qf6 27. Qxf6 Bxf6 28. b3 Rd8 29. Rxf3 Kg8 30. Kg2 Kf7 31.
Ne3 Kg6 32. Nd5 Bd4 33. h4 Re8 34. g4 Re2+ 35. Kh3 Rxa2 36. h5+ Kg7 37. g5 Ra1 38.
Kg4 Rg1+ 39. Kf5 Rh1 40. h6+ Kf7 41. Nc7 Re1 42. Kg4+ Kg6 43. Nd5 Rg1+ 44. Kf4 Rxg5 45. Ne7+ Kf6 46. Nd5+ Kg6 47. Ne7+ Kxh6 48. Rh3+ Rh5 49.
Nf5+ Kg6 50. Ne7+ Kh6 51. Ng8+ Kg6 52. Ne7+ Kh6 1/2-1/2

[Event "Early-Titled-Tuesday-Blitz-February-13-2024"]
[Site "Chess.com"]
[Date "2024.02.13"]
[Round "4"]
[White "Elnaz_Kaliakhmet"]
[Black "FoxOnTheRun97"]
[Result "0-1"]
[WhiteElo "2316"]
[BlackElo "2654"]
[TimeControl "180+1"]
[EndTime "8:43:21 PST"]
[Termination "FoxOnTheRun97 won by resignation"]

1. d4 Nf6 2. c4 e6 3. Nf3 d5 4. Nc3 Bb4 5. Bg5 h6 6. Bxf6 Qxf6 7. e3 c6 8. Rc1 O-O 9. Bd3 Nd7 10. O-O dxc4 11. Bxc4 e5 12. dxe5 Nxe5 13. Nxe5 Qxe5 14. Qb3 Bd6 15. g3 b5 16. Be2 a6 17. Rfd1 Be6 18.
Qc2 c5 19. Ne4 Be7 20. Nxc5 Bxc5 21. Qxc5 Qxb2 22. Rc2 Qf6 23. Qb6 Rfd8 24. Rxd8+ Qxd8 25. Qxd8+ Rxd8 26. Bf3 g6 27. Rc6 a5 28. Ra6 a4 29. Be2 Rd5 30. Ra5 Rd2 31. Bxb5 Rxa2 32. Rxa4 Rb2 33. Ra8+ Kg7 34. Bf1 Rb1 35. Kg2 Bd5+ 36.
e4 Bxe4+ 37. f3 Bxa8 38. Kf2 Bxf3 39. Kxf3 Rxf1+ 40. Kg2 Rf6 41. Kg1 g5 42. Kg2 g4 43.
Kg1 Kg6 44. Kg2 Kg5 45. Kg1 Rf3 46. Kg2 h5 47. Kg1 Kf5 48. Kg2 Ke4 49. Kg1 Ke3 50.
Kg2 Rf2+ 51. Kg1 Kf3 52. h4 Kxg3 0-1

[Event "Early-Titled-Tuesday-Blitz-February-13-2024"]
[Site "Chess.com"]
[Date "2024.02.13"]
[Round "4"]
[White "BallottiLuca"]
[Black "atalz0"]
[Result "1-0"]
[WhiteElo "2368"]
[BlackElo "2443"]
[TimeControl "180+1"]
[EndTime "8:43:21 PST"]
[Termination "BallottiLuca won on time"]

1. d4 Nf6 2. Nc3 d5 3. Bf4 c5 4. e3 Bg4 5. f3 cxd4 6. exd4 Bd7 7. Bd3 Nc6 8. Nge2 e6 9. O-O Be7 10. Nb5 O-O 11. c3 a6 12. Na3 Bxa3 13. bxa3 Na5 14. Rb1 Re8 15. Qd2 Rc8 16. Rb4 b5 17. Ng3 Nc4 18.
Bxc4 dxc4 19. Ne4 Nd5 20. Nd6 Nxb4 21. axb4 Bc6 22. Nxc8 Qxc8 23. Re1 Qd7 24. Be5 f6 25. Bf4 Qd5 26. Qe3 Kf7 27. Qe4 Qxe4 28. fxe4 g5 29. Bd6 h6 30. Kf2 f5 31. exf5 exf5 32. Rxe8 Kxe8 33.
g3 Kf7 34. Ke3 Bd5 35. Be5 Kg6 36. a3 h5 37. h4 gxh4 38. gxh4 Be4 39. Kf4 Bd5 40.
Bd6 Bb7 41. Bc5 Kf6 42. Bd6 Bc8 43. Be5+ Kg6 44. Bc7 Kf6 45. Bd8+ Kg6 46. Bg5 Kf7 47. Ke5 Ke8 48. Kd6 1-0

[Event "Early-Titled-Tuesday-Blitz-February-13-2024"]
[Site "Chess.com"]
[Date "2024.02.13"]
[Round "4"]
[White "Agoking701"]
[Black "gpsji27"]
[Result "1-0"]
[WhiteElo "2644"]
[BlackElo "2318"]
[TimeControl "180+1"]
[EndTime "8:43:23 PST"]
[Termination "Agoking701 won by resignation"]

1. e4 e5 2. Bc4 Nc6 3. d3 Nf6 4. Nc3 Na5 5. Qf3 Nxc4 6. dxc4 Bc5 7. Nge2 d6 8. O-O O-O 9. Na4 Bg4 10. Qd3 Qd7 11. Nxc5 dxc5 12. f3 Be6 13. Bg5 Qxd3 14. cxd3 Nd7 15. Rad1 f6 16. Be3 b6 17. h3 Rad8 18. f4 exf4 19. Nxf4 Bf7 20. Nd5 Bxd5 21. exd5 Ne5 22. Bf4 Rfe8 23. b3 Ng6 24.
Bxc7 Rd7 25. Bg3 Re2 26. Rf2 Rde7 27. Kf1 Rxf2+ 28. Kxf2 Ne5 29. d4 Nd7 30. Bd6 Re8 31. dxc5 bxc5 32. b4 cxb4 33. Bxb4 Rc8 34. Rc1 Ne5 35. Ke2 Rxc4 36. Rxc4 Nxc4 37. Kd3 Ne5+ 38. Kd4 Kf7 39. Kc5 Ke7 40. Kb5+ Kd7 41. Ka6 Nd3 42. Bf8 Nf4 43. Bxg7 Nxd5 44. Kxa7 Ne7 45. Bxf6 Nc6+ 46.
Kb6 Nb4 47. Kc5 Nxa2 48. Bb2 Ke6 49. Kc4 Kf5 50. Kb3 Kf4 51. Kxa2 Kg3 52. Bf6 Kxg2 53.
h4 Kg3 54. Kb3 Kg4 55. Kc4 Kh5 56. Kd5 Kh6 57. Ke6 Kh5 58. Kf5 Kh6 59. Bg5+ Kg7 60.
h5 Kg8 61. Kf6 Kf8 62. Be3 Kg8 63. Kg5 Kh8 64. Kh6 Kg8 65. Bd4 Kf7 66. Kxh7 Kf8 67. h6 1-0

[Event "Early-Titled-Tuesday-Blitz-February-13-2024"]
[Site "Chess.com"]
[Date "2024.02.13"]
[Round "4"]
[White "TrahtarBelarus"]
[Black "TRadjabov"]
[Result "0-1"]
[WhiteElo "2872"]
[BlackElo "3039"]
[TimeControl "180+1"]
[EndTime "8:43:25 PST"]
[Termination "TRadjabov won by resignation"]

1. c4 c5 2. Nf3 Nc6 3. g3 g6 4.
Bg2 Bg7 5. Nc3 d6 6. O-O e6 7. e3 Nge7 8. d4 O-O 9. dxc5 dxc5 10.
Qe2 a6 11. Rd1 Qc7 12. h4 h6 13. Bd2 b6 14. Na4 Bb7 15. Bc3 e5 16. Be1 e4 17.
Nh2 f5 18. Bc3 Bxc3 19. Nxc3 Ne5 20. h5 g5 21. g4 Rae8 22. Rd2 Qc8 23. gxf5 Qxf5 24.
Nd5 Nxd5 25. cxd5 Nf3+ 26. Bxf3 exf3 27. Qd3 Re4 28. Kh1 c4 29. Qc2 Bxd5 30. Rg1 b5 31. Rg4 Rfe8 32. Rxe4 Bxe4 33. Qd1 Bd3 34. Qg1 Qe5 35.
Qg4 Bf5 36. Qg1 Kg7 37. a3 Re7 38. Qd1 Bd3 39. Qg1 a5 40. Qg4 Qe4 41. Kg1 b4 42. axb4 axb4 43. Qc8 Qf5 44. Qxf5 Bxf5 45. Nxf3 c3 46. bxc3 bxc3 47. Rd1 c2 48. Rc1 Rb7 49. Nd4 Bh7 50. Kf1 Rb1 51. Ne2 Bd3 52. Kg2 Bxe2 53. Rxc2 0-1

[Event "Early-Titled-Tuesday-Blitz-February-13-2024"]
[Site "Chess.com"]
[Date "2024.02.13"]
[Round "4"]
[White "Practical-Play"]
[Black "eagleclaw07"]
[Result "1-0"]
[WhiteElo "2597"]
[BlackElo "2795"]
[TimeControl "180+1"]
[EndTime "8:43:25 PST"]
[Termination "Practical-Play won by resignation"]

1. e4 c5 2. c3 Nc6 3. d4 d5 4.
dxc5 dxe4 5. Qxd8+ Kxd8 6. Na3 e5 7. Be3 f5 8. O-O-O+ Bd7 9. g3 Nf6 10. Bc4 Kc8 11.
h3 f4 12. gxf4 exf4 13. Bxf4 Bxc5 14. Nb5 a6 15. Nd6+ Bxd6 16. Bxd6 Re8 17. Ne2 Be6 18. Bxe6+ Rxe6 19. Nf4 Re8 20. Rhg1 g6 21. Nd5 Nxd5 22.
Rxd5 b6 23. Bg3 Ra7 24. Rd6 Kb7 25. Re1 a5 26. f3 e3 27. Bf4 e2 28. Kd2 Rf8 29.
Ke3 Raa8 30. Rd7+ Ka6 31. Bd6 Rae8+ 32. Kf2 Rf5 33. Rxe2 Rxe2+ 34. Kxe2 Rh5 35. Rc7 Na7 36. a4 Rxh3 37. b4 b5 38. Bc5 Nc8 39. axb5+ Kxb5 40. Rxc8 a4 41. Ra8 h5 42. Ra5+ Kc4 43. Rxa4 Rh2+ 44. Bf2 Rh1 45. Ra6 Kxc3 46. Be1+ Kc4 47. Rxg6 Rh2+ 48. Ke3 Ra2 49. Bd2 Ra3+ 50. Ke2 Ra8 51.
Rh6 Re8+ 52. Be3 Re5 53. f4 Rf5 54. Bd2 Kd4 55. Kf3 Kd3 56. Be3 Kc4 57. Ke4 Rd5 58.
Rc6+ 1-0